 Dungeon Sprint DCSS version 0.30-a0-737-gf23d94013f (webtiles) character file.

Game seed: 15898067345205086883

57558 BigDaddyOpFi the Unseen (level 14, 0/126 HPs)
             Began as a Gnoll Brigand on Jan 31, 2023.
             Was the Champion of Qazlal.
             Slain by an Executioner (9 damage)
             ... in the Dungeon (Sprint VII: "The Pits") on Feb 1, 2023.
             The game lasted 00:12:13 (7251 turns).

BigDaddyOpFi the Unseen (Gnoll Brigand)             Turns: 7251, Time: 00:12:14

Health: 0/126      AC: 31    Str: 19    XL:     14   Next: 86%
Magic:  24/34      EV: 31    Int: 18    God:    Qazlal [******]
Gold:   58         SH: 16    Dex: 17    Spells: 45/45 levels left

rFire   . . .      SeeInvis .    w - +5 broad axe (heavy)
rCold   . . .      Faith    .    J - +0 buckler "Nutiles" {rElec Str+4 Dex+4 Stlth-}
rNeg    . . .      Spirit   .    P - +5 plate armour
rPois   .          Reflect  .    K - +0 helmet {Int+3}
rElec   +          Harm     .    c - +0 cloak
rCorr   .          Rampage  .    (no gloves)
Will    +....      NoTele   +    M - +1 pair of boots {Stlth+}
Stlth   +                        T - amulet of the acrobat
HPRegen 0.41/turn                b - +3 ring of intelligence
MPRegen 0.24/turn                s - +3 ring of evasion

@: protected from physical damage, acrobatic, hasted, repel missiles, very quick
A: fangs 1, strong nose, distributed training
a: Renounce Religion, Upheaval, Elemental Force, Disaster Area


You were in the Dungeon.
You worshipped Qazlal.
Qazlal was exalted by your worship.
You visited 1 branch You collected 58 gold pieces.

Inventory:

Hand Weapons
 a - a +2 dagger
 m - a +2 dagger
 n - a +2 dagger of electrocution
 r - a +0 dagger of venom
 w - a +5 heavy broad axe (weapon)
 I - the +8 hand axe "Tor Kou" {protect, *Slow rCorr Int+3 Dex+5}
   (You found it in the Dungeon)

   Int:       It affects your intelligence (+3).
   Dex:       It affects your dexterity (+5).
   rCorr:     It protects you from acid and corrosion.
   *Slow:     It may slow you when you take damage.
Missiles
 e - 2 curare-tipped darts (quivered)
 g - 7 poisoned darts
 U - 2 throwing nets
Armour
 c - a +0 cloak (worn)
 u - a +0 pair of boots
 v - a +3 plate armour
 x - a +4 chain mail
 J - the +0 buckler "Nutiles" (worn) {rElec Str+4 Dex+4 Stlth-}
   (You found it in the Dungeon)

   Str:       It affects your strength (+4).
   Dex:       It affects your dexterity (+4).
   rElec:     It insulates you from electricity.
   Stlth:     It makes you less stealthy.
 K - a +0 helmet of intelligence (worn)
 L - a +2 plate armour of fire resistance
 M - a +1 pair of boots of stealth (worn)
 N - a +1 tower shield
 O - a +1 pair of boots
 P - a +5 plate armour (worn)
 Q - a +1 pair of boots
 R - a +1 helmet
Jewellery
 b - a +3 ring of intelligence (left hand)
 s - a +3 ring of evasion (right hand)
 y - a ring of poison resistance
 z - a ring of protection from fire
 B - a +4 ring of protection
 H - the ring of Finality {rPois rF- rCorr Str+6 Stlth+}
   (You took it off a nagaraja in the Dungeon)

   [ring of strength]

   Str:       It affects your strength (+6).
   rF:        It makes you vulnerable to fire.
   rPois:     It protects you from poison.
   rCorr:     It protects you from acid and corrosion.
   Stlth:     It makes you more stealthy.
 S - a ring of flight
 T - an amulet of the acrobat (around neck)
Wands
 d - a wand of polymorph (6)
 o - a wand of roots (15)
Scrolls
 h - a scroll of magic mapping
 E - 2 scrolls of identify
 F - 2 scrolls of fear
 G - 2 scrolls of fog
Potions
 f - a potion of attraction {unknown}
 i - 4 potions of magic
 j - 3 potions of berserk rage
 l - 2 potions of invisibility
 p - a potion of ambrosia
 q - 6 potions of curing
 t - 2 potions of resistance
 C - a potion of haste
 D - 2 potions of brilliance
Miscellaneous
 A - a lightning rod (4/4)
 V - a tin of tremorstones (2/2)


   Skills:
 + Level 16.6 Fighting
 + Level 16.6 Short Blades
 + Level 16.1 Long Blades
 + Level 16.1 Axes
 + Level 16.1 Maces & Flails
 + Level 16.1 Polearms
 + Level 16.1 Staves
 + Level 16.1 Ranged Weapons
 + Level 16.6 Throwing
 + Level 16.1 Armour
 + Level 16.3 Dodging
 + Level 17.6 Stealth
 + Level 16.1 Shields
 + Level 16.1 Unarmed Combat
 + Level 16.1 Spellcasting
 + Level 13.7 Conjurations
 + Level 13.7 Hexes
 + Level 13.7 Summonings
 + Level 13.7 Necromancy
 + Level 13.7 Translocations
 + Level 13.7 Transmutations
 + Level 13.7 Fire Magic
 + Level 13.7 Ice Magic
 + Level 13.7 Air Magic
 + Level 13.7 Earth Magic
 + Level 13.7 Poison Magic
 + Level 17.4 Invocations
 + Level 16.1 Evocations


You had 45 spell levels left.
You didn't know any spells.
Your spell library contained the following spells:

 Spells                   Type           Power      Damage    Failure   Level
 Magic Dart               Conj           100%       1d8       1%          1
 Mephitic Cloud           Conj/Pois/Air  59%        N/A       1%          3
 Anguish                  Hex/Necr       29%        N/A       1%          4
 Enfeeble                 Hex            29%        N/A       86%         7


Dungeon Overview and Level Annotations

Branches:
Dungeon (1/1)

Altars:
Ashenzari
Cheibriados
Dithmenos
Elyvilon
Fedhas
Gozag
Hepliaklqana
Kikubaaqudgha
Makhleb
Nemelex Xobeh
Okawaru
Qazlal
Ru
Sif Muna
Trog
Uskayaw
Vehumet
Wu Jian
Xom
Yredelemnul
Zin
The Shining One
Jiyva
Lugonu


Innate Abilities, Weirdness & Mutations

You have very sharp teeth.
Your uncanny sense of smell can sniff out nearby items.
Your experience applies equally to all skills.


Message History

The Executioner completely misses you.
You feel yourself speed up. The Executioner hits you!
* * * LOW HITPOINT WARNING * * *
You feel more protected from physical attacks.
You block the Executioner's attack.
The Executioner hits you but does no damage.
You block the Executioner's attack.
The Executioner hits you but does no damage.
The Executioner barely misses you. The Executioner closely misses you. x2
The Executioner hits you but does no damage.
The Executioner attacks as you move away!
You block the Executioner's attack.
The Executioner hits you but does no damage.
The Executioner misses you. The Executioner barely misses you.
You block the Executioner's attack. The Executioner barely misses you.
You block the Executioner's attack. The Executioner closely misses you.
The Executioner misses you.
There is a huge open gate to the Steel Vault (Very Hard), spattered with blood here.
The Executioner attacks as you move away!
The Executioner completely misses you. The Executioner misses you.
The Executioner hits you but does no damage.
The Executioner is struck by lightning.
There is a huge open gate to the Steel Vault (Very Hard), spattered with blood here.
The Executioner is engulfed in freezing vapours.
The Executioner closely misses you. You block the Executioner's attack. x2
The Executioner barely misses you. The Executioner completely misses you.
The Executioner closely misses you.
Things that are here:
a +0 leather armour; a +0 rapier The Executioner completely misses you.
You block the Executioner's attack.
The Executioner hits you but does no damage.
You block the Executioner's attack. x3
You block the Executioner's attack.
The Executioner hits you but does no damage.
You block the Executioner's attack. You block the Executioner's attack. x3
The Executioner attacks as you move away!
You block the Executioner's attack.
The Executioner completely misses you. x2
The Executioner hits you!
You die...

.≈≈.....2##..........# ∆∆
..#......'°..#....#..#
!.#.....)it)).°......# #
#########[.........#
###########.§#.°§.#..#
.........''°.........#
.........'°....☼.....#
#######..##..#§1☼.#..#
#.#.#.#..##....○@.)..+
)#)#.##..##.....§..[)+
#)#}#)#..####''####''#
.#)#.##..####''####''############
#.#.#.#..##......##..)........)..
#######..##.#'##.##...[[..[......
...##.#[)+.##..############
...##.)..# ##..#))#))#))))#
#####.#))+ #..#))#))##''##


You could see an alligator snapping turtle, a spriggan defender and an
Executioner (fast).

Vanquished Creatures
  A deep elf blademaster (D)
  2 nagarajas (D)
  An angel (D)
  2 orc warlords (D)
  A spriggan defender (D)
  An eidolon (D)
  2 blizzard demons (D)
  2 merfolk impalers (D)
  A mummy priest (D)
  3 yaktaur captains (D)
  A rakshasa (D)
  2 hydras (D)
  3 vault guards (D)
  A hell beast (D)
  An ogre mage (D)
  A boulder beetle (D)
  A merfolk avatar (D)
  2 merfolk aquamancers (D)
  A spriggan air mage (D)
  4 death knights (D)
  An alligator snapping turtle (D)
  6 two-headed ogres (D)
  A dancing weapon (D)
  A naga warrior (D)
  4 hell knights (D)
  4 skeletal warriors (D)
  A fire crab (D)
  A swamp dragon (D)
  3 flayed ghosts (D)
  3 sea snakes (D)
  A lindwurm (D)
  2 phantasmal warriors (D)
  A mana viper (shapeshifter) (D)
  A harpy (D)
  A necromancer (D)
  11 orc knights (D)
  A wolf spider (D)
  2 elephants (D)
  A black mamba (D)
  2 smoke demons (D)
  An eye of devastation (D)
  A guardian serpent (D)
  2 rust devils (D)
  A demonic crawler (D)
  A komodo dragon (D)
  An orange demon (D)
  A freezing wraith (D)
  2 ice devils (D)
  2 guardian mummies (D)
  2 yaktaurs (D)
  A tyrant leech (D)
  A hellwing (D)
  3 wandering mushrooms (D)
  A tarantella (shapeshifter) (D)
  A hornet (D)
  8 merfolk (D)
  6 dream sheep (D)
  A jumping spider (D)
  2 air elementals (D)
  5 yaks (D)
  2 spriggans (D)
  2 water elementals (D)
  2 wyverns (D)
  2 basilisks (D)
  2 fire elementals (D)
  A wraith (D)
  A redback (D)
  2 steam dragons (D)
  A hog (shapeshifter) (D)
  A neqoxec (D)
  A warg (D)
  A small abomination (D)
  A swamp drake (D)
  A sky beast (D)
  A centaur (D)
  An ogre (D)
  3 wolves (D)
  A bullfrog (D)
  A scorpion (D)
  2 quasits (D)
  2 hounds (D)
  Crazy Yiuf (D)
  A gnoll bouda (D)
  3 orc priests (D)
  Ijyb (D)
  2 iguanas (D)
  An orc wizard (D)
  3 hell rats (D)
  7 gnolls (D)
  An adder (D)
  A white imp (D)
  2 orcs (D)
  A bat (D)
  2 bat zombies (D)
  A giant cockroach (D)
  A goblin (D)
  A hobgoblin (D)
  4 jackals (D)
  A ball python skeleton (D)
  A ball python zombie (D)
  A frilled lizard (D)
  3 kobolds (D)
194 creatures vanquished.

Vanquished Creatures (others)
  A dream sheep (D)
  A kobold (D)
2 creatures vanquished.

Grand Total: 196 creatures vanquished

Notes
Turn   | Place    | Note
-------+----------+-------------------------------------------
     0 | D        | BigDaddyOpFi the Gnoll Brigand began the quest for the Orb.
     0 | D        | Reached XP level 1. HP: 20/20 MP: 1/1
    22 | D        | Reached skill level 1 in Invocations
    24 | D        | Reached skill level 1 in Long Blades
    24 | D        | Reached skill level 1 in Axes
    24 | D        | Reached skill level 1 in Maces & Flails
    24 | D        | Reached skill level 1 in Polearms
    24 | D        | Reached skill level 1 in Staves
    24 | D        | Reached skill level 1 in Ranged Weapons
    24 | D        | Reached skill level 1 in Armour
    24 | D        | Reached skill level 1 in Shields
    24 | D        | Reached skill level 1 in Unarmed Combat
    24 | D        | Reached skill level 1 in Spellcasting
    24 | D        | Reached skill level 1 in Evocations
    30 | D        | Found a bloodstained altar of Trog.
    30 | D        | Found a shimmering blue altar of Sif Muna.
    30 | D        | Found a viscous altar of Jiyva.
    30 | D        | Found a hazy altar of Hepliaklqana.
    30 | D        | Found an opulent altar of Gozag.
    31 | D        | Found a glowing golden altar of the Shining One.
    31 | D        | Found a glowing silver altar of Zin.
    31 | D        | Found a basalt altar of Yredelemnul.
    31 | D        | Found a shimmering altar of Xom.
    31 | D        | Found an ornate altar of the Wu Jian Council.
    31 | D        | Found a sacrificial altar of Ru.
    31 | D        | Found a stormy altar of Qazlal.
    31 | D        | Found an iron altar of Okawaru.
    31 | D        | Found a sparkling altar of Nemelex Xobeh.
    31 | D        | Found a burning altar of Makhleb.
    31 | D        | Found a blossoming altar of Fedhas.
    31 | D        | Found a white marble altar of Elyvilon.
    31 | D        | Found a shadowy altar of Dithmenos.
    31 | D        | Found a snail-covered altar of Cheibriados.
    34 | D        | Found a corrupted altar of Lugonu.
    34 | D        | Found a radiant altar of Vehumet.
    35 | D        | Found an ancient bone altar of Kikubaaqudgha.
    35 | D        | Found a hide-covered altar of Uskayaw.
    35 | D        | Found a broken altar of Ashenzari.
    50 | D        | Became a worshipper of Qazlal Stormbringer
    79 | D        | Noticed a scorpion
    87 | D        | Killed a scorpion
    88 | D        | Reached skill level 5 in Fighting
    88 | D        | Reached skill level 5 in Short Blades
    88 | D        | Reached skill level 5 in Throwing
    88 | D        | Reached XP level 2. HP: 19/27 MP: 2/5
    88 | D        | Reached XP level 3. HP: 23/33 MP: 2/6
    88 | D        | Reached XP level 4. HP: 28/39 MP: 2/7
   252 | D        | Reached * piety under Qazlal
   685 | D        | Reached ** piety under Qazlal
   689 | D        | Noticed Ijyb
   703 | D        | Killed Ijyb
   798 | D        | Noticed Crazy Yiuf
   802 | D        | Killed Crazy Yiuf
   803 | D        | Reached XP level 5. HP: 36/46 MP: 8/10
   805 | D        | Noticed a sky beast
   812 | D        | Reached *** piety under Qazlal
   817 | D        | Reached skill level 5 in Dodging
   817 | D        | Reached XP level 6. HP: 52/52 MP: 9/12
   821 | D        | Killed a sky beast
   822 | D        | Reached skill level 5 in Invocations
   823 | D        | Reached **** piety under Qazlal
   884 | D        | Noticed a sea snake
   902 | D        | Killed a sea snake
   902 | D        | Reached ***** piety under Qazlal
   903 | D        | Reached skill level 10 in Stealth
   903 | D        | Reached skill level 5 in Conjurations
   903 | D        | Reached skill level 5 in Hexes
   903 | D        | Reached skill level 5 in Summonings
   903 | D        | Reached skill level 5 in Necromancy
   903 | D        | Reached skill level 5 in Translocations
   903 | D        | Reached skill level 5 in Transmutations
   903 | D        | Reached skill level 5 in Fire Magic
   903 | D        | Reached skill level 5 in Ice Magic
   903 | D        | Reached skill level 5 in Air Magic
   903 | D        | Reached skill level 5 in Earth Magic
   903 | D        | Reached skill level 5 in Poison Magic
   903 | D        | Reached XP level 7. HP: 43/61 MP: 13/16
   966 | D        | Reached XP level 8. HP: 67/68 MP: 17/17
   993 | D        | Noticed an elephant
  1013 | D        | Killed an elephant
  1162 | D        | Noticed an ice devil
  1168 | D        | Noticed a komodo dragon
  1178 | D        | Killed a komodo dragon
  1182 | D        | Killed an ice devil
  1183 | D        | Reached XP level 9. HP: 18/75 MP: 3/20
  1427 | D        | Noticed a hellwing
  1429 | D        | Noticed a flayed ghost
  1437 | D        | Killed a flayed ghost
  1449 | D        | Killed a hellwing
  1697 | D        | Noticed a boulder beetle
  1713 | D        | Killed a boulder beetle
  1714 | D        | Reached XP level 10. HP: 29/85 MP: 16/22
  1993 | D        | Reached skill level 10 in Fighting
  1993 | D        | Reached skill level 10 in Short Blades
  1993 | D        | Reached skill level 10 in Throwing
  2200 | D        | Reached ****** piety under Qazlal
  2482 | D        | Noticed a lindwurm
  2484 | D        | Reached skill level 10 in Invocations
  2485 | D        | Killed an orange demon
  2485 | D        | Killed a lindwurm
  2485 | D        | Noticed a sea snake
  2487 | D        | Killed a sea snake
  2488 | D        | Reached skill level 10 in Dodging
  2733 | D        | HP: 2/86 [tyrant leech (22)]
  3020 | D        | Noticed a death knight
  3023 | D        | Killed a death knight
  3024 | D        | Reached skill level 10 in Long Blades
  3024 | D        | Reached skill level 10 in Axes
  3024 | D        | Reached skill level 10 in Maces & Flails
  3024 | D        | Reached skill level 10 in Polearms
  3024 | D        | Reached skill level 10 in Staves
  3024 | D        | Reached skill level 10 in Ranged Weapons
  3024 | D        | Reached skill level 10 in Armour
  3024 | D        | Reached skill level 10 in Shields
  3024 | D        | Reached skill level 10 in Unarmed Combat
  3024 | D        | Reached skill level 10 in Spellcasting
  3024 | D        | Reached skill level 10 in Evocations
  3024 | D        | Reached XP level 11. HP: 93/93 MP: 15/25
  3241 | D        | Noticed a seven-headed hydra
  3250 | D        | Killed a seven-headed hydra
  3902 | D        | Noticed an alligator snapping turtle
  3914 | D        | Killed an alligator snapping turtle
  4087 | D        | Noticed a sea snake
  4091 | D        | Killed a sea snake
  4135 | D        | Noticed a death knight
  4145 | D        | Killed a death knight
  4477 | D        | Noticed a flayed ghost
  4488 | D        | Killed a flayed ghost
  4532 | D        | Noticed a swamp dragon
  4535 | D        | Noticed a four-headed hydra
  4537 | D        | Noticed a phantasmal warrior
  4542 | D        | Killed a swamp dragon
  4542 | D        | Killed a five-headed hydra
  4543 | D        | Reached XP level 12. HP: 52/103 MP: 18/27
  4903 | D        | Noticed a death knight
  4903 | D        | Noticed a hell beast
  4903 | D        | Noticed a hell knight
  4903 | D        | Noticed a hell knight
  4903 | D        | Noticed a hell knight
  4903 | D        | Noticed a hell knight
  4905 | D        | Killed a hell knight
  4905 | D        | Killed a hell knight
  4905 | D        | Killed a hell knight
  4905 | D        | Killed a hell beast
  4906 | D        | Reached skill level 10 in Conjurations
  4906 | D        | Reached skill level 10 in Hexes
  4906 | D        | Reached skill level 10 in Summonings
  4906 | D        | Reached skill level 10 in Necromancy
  4906 | D        | Reached skill level 10 in Translocations
  4906 | D        | Reached skill level 10 in Transmutations
  4906 | D        | Reached skill level 10 in Fire Magic
  4906 | D        | Reached skill level 10 in Ice Magic
  4906 | D        | Reached skill level 10 in Air Magic
  4906 | D        | Reached skill level 10 in Earth Magic
  4906 | D        | Reached skill level 10 in Poison Magic
  4906 | D        | Killed a death knight
  4906 | D        | Killed a hell knight
  5155 | D        | Noticed a two-headed ogre
  5155 | D        | Noticed an orc warlord
  5156 | D        | Noticed an orc warlord
  5156 | D        | Noticed a two-headed ogre
  5158 | D        | Killed a two-headed ogre
  5158 | D        | Killed a two-headed ogre
  5158 | D        | Killed an orc warlord
  5158 | D        | Killed an orc warlord
  5159 | D        | Reached skill level 15 in Stealth
  5159 | D        | Reached XP level 13. HP: 89/112 MP: 12/30
  5272 | D        | Noticed a yaktaur captain
  5277 | D        | Killed a yaktaur captain
  5401 | D        | Noticed a mummy priest
  5406 | D        | Noticed a jiangshi
  5406 | D        | Killed a mummy priest
  5415 | D        | Noticed a vault guard
  5419 | D        | Killed a vault guard
  5484 | D        | Noticed a yaktaur captain
  5486 | D        | Reached skill level 15 in Invocations
  5489 | D        | Noticed a vault guard
  5497 | D        | Killed a yaktaur captain
  5500 | D        | Killed a vault guard
  5864 | D        | Noticed a yaktaur captain
  5864 | D        | Noticed a vault guard
  5875 | D        | Killed a vault guard
  5879 | D        | Killed a yaktaur captain
  5981 | D        | Got the +8 hand axe "Tor Kou" {protect, *Slow rCorr Int+3
                  | Dex+5}
  6032 | D        | Got the +0 buckler "Nutiles" {rElec Str+4 Dex+4 Stlth-}
  6191 | D        | Noticed an eidolon
  6192 | D        | Noticed a spriggan defender
  6192 | D        | Noticed a merfolk impaler
  6192 | D        | Killed a merfolk impaler
  6193 | D        | Reached skill level 15 in Fighting
  6193 | D        | Reached skill level 15 in Short Blades
  6193 | D        | Reached skill level 15 in Throwing
  6194 | D        | Killed a spriggan defender
  6194 | D        | Killed an eidolon
  6195 | D        | Reached XP level 14. HP: 123/123 MP: 15/32
  6199 | D        | Reached skill level 15 in Dodging
  6208 | D        | Reached skill level 15 in Long Blades
  6208 | D        | Reached skill level 15 in Axes
  6208 | D        | Reached skill level 15 in Maces & Flails
  6208 | D        | Reached skill level 15 in Polearms
  6208 | D        | Reached skill level 15 in Staves
  6208 | D        | Reached skill level 15 in Ranged Weapons
  6208 | D        | Reached skill level 15 in Armour
  6208 | D        | Reached skill level 15 in Shields
  6208 | D        | Reached skill level 15 in Unarmed Combat
  6208 | D        | Reached skill level 15 in Spellcasting
  6208 | D        | Reached skill level 15 in Evocations
  6244 | D        | Got the Collected Works on Blasting
  6412 | D        | Upgraded the game from 0.30-a0-728-gc68057be0a to
                  | 0.30-a0-737-gf23d94013f
  6483 | D        | Noticed a deep elf blademaster
  6498 | D        | Killed a deep elf blademaster
  6737 | D        | Noticed an angel
  6752 | D        | Paralysed by an air elemental for 1 turns
  6757 | D        | Killed an angel
  6962 | D        | Identified the +1 plate armour "Xegionib" {Int+3}
  6981 | D        | Paralysed by an air elemental for 1 turns
  7192 | D        | Identified the ring of Finality {rPois rF- rCorr Str+6
                  | Stlth+}
  7192 | D        | Noticed a nagaraja
  7197 | D        | Killed a nagaraja
  7219 | D        | Identified the +9 falchion "Diricid" {vamp, rC- rCorr
                  | Dex+4}
  7220 | D        | Noticed a spriggan defender
  7222 | D        | Noticed a reaper
  7223 | D        | Noticed a nagaraja
  7224 | D        | Noticed a rockslime
  7226 | D        | Noticed an Executioner
  7236 | D        | Noticed a shadow dragon
  7238 | D        | Killed a nagaraja
  7242 | D        | HP: 6/126 [Executioner (17)]
  7251 | D        | Slain by an Executioner

Illustrated notes

Levels and vault maps discovered:
D:        pitsprint [storerooms_1, entrance_room_1, metal_vault_5, armoury_1,
          mini_pit_1, grid_room_1, main_hall_1, silver_pit, the_coven_3,
          the_vestibule_1, steel_vault_3, golden_pit, hallway_of_sentries,
          crystal_vault_6, iron_vault_4, final_vault]

Skill      XL: |  1  2  3  4  5  6  7  8  9 10 11 12 13 14 |
---------------+-------------------------------------------+-----
Invocations    | 2 3 4 6 8 9 10 12 14 15 17 | 17.4
Long Blades    | 2 3 4 6 7 8 10 11 13 14 16 | 16.1
Axes           | 2 3 4 6 7 8 10 11 13 14 16 | 16.1
Maces & Flails | 2 3 4 6 7 8 10 11 13 14 16 | 16.1
Polearms       | 2 3 4 6 7 8 10 11 13 14 16 | 16.1
Staves         | 2 3 4 6 7 8 10 11 13 14 16 | 16.1
Ranged Weapons | 2 3 4 6 7 8 10 11 13 14 16 | 16.1
Armour         | 2 3 4 6 7 8 10 11 13 14 16 | 16.1
Shields        | 2 3 4 6 7 8 10 11 13 14 16 | 16.1
Unarmed Combat | 2 3 4 6 7 8 10 11 13 14 16 | 16.1
Spellcasting   | 2 3 4 6 7 8 10 11 13 14 16 | 16.1
Evocations     | 2 3 4 6 7 8 10 11 13 14 16 | 16.1
Fighting       | 5 6 7 8 9 11 12 13 15 16 | 16.6
Short Blades   | 5 6 7 8 9 11 12 13 15 16 | 16.6
Throwing       | 5 6 7 8 9 11 12 13 15 16 | 16.6
Dodging        | 3 4 5 6 8 9 10 11 13 14 16 | 16.3
Stealth        | 8 10 11 12 13 15 16 17 | 17.6
Conjurations   | 2 3 5 6 7 8 9 11 12 13 | 13.7
Hexes          | 2 3 5 6 7 8 9 11 12 13 | 13.7
Summonings     | 2 3 5 6 7 8 9 11 12 13 | 13.7
Necromancy     | 2 3 5 6 7 8 9 11 12 13 | 13.7
Translocations | 2 3 5 6 7 8 9 11 12 13 | 13.7
Transmutations | 2 3 5 6 7 8 9 11 12 13 | 13.7
Fire Magic     | 2 3 5 6 7 8 9 11 12 13 | 13.7
Ice Magic      | 2 3 5 6 7 8 9 11 12 13 | 13.7
Air Magic      | 2 3 5 6 7 8 9 11 12 13 | 13.7
Earth Magic    | 2 3 5 6 7 8 9 11 12 13 | 13.7
Poison Magic   | 2 3 5 6 7 8 9 11 12 13 | 13.7

Action                     |  1- 3 |  4- 6 |  7- 9 | 10-12 | 13-15 || total
---------------------------+-------+-------+-------+-------+-------++-------
  Melee: Dagger            |    11 |    61 |    29 |       |       ||   101
         Bite              |     1 |     9 |     9 |    16 |    24 ||    59
         Punch             |       |     1 |     4 |    11 |     5 ||    21
         Broad axe         |       |       |    31 |    89 |   144 ||   264
  Throw: Dart              |     5 |    26 |     6 |     8 |    10 ||    55
 Invoke: Disaster Area     |       |       |     4 |    12 |    12 ||    28
    Use: Potion            |     2 |     5 |     6 |     5 |     5 ||    23
         Scroll            |       |       |       |     5 |     1 ||     6
   Stab: Sleeping          |     1 |       |       |       |       ||     1
 Armour: Robe              |     6 |     2 |       |       |       ||     8
         Plate armour      |       |    21 |    52 |    72 |   111 ||   256
  Dodge: Dodged            |     4 |    11 |    40 |    49 |   151 ||   255
         Repelled          |       |     1 |       |       |     3 ||     4
  Block: Other             |       |     6 |    21 |    40 |    12 ||    79
         Buckler           |       |       |       |       |   185 ||   185

Table legend: (Time is in decaauts)
 A = Elapsed time spent in this place.
 B = Non-inter-level travel time spent in this place.
 C = Inter-level travel time spent in this place.
 D = Time resting spent in this place.
 E = Time spent auto-exploring this place.
 F = Levels seen in this place.
 G = Mean time per level.
                   A        B        C        D        E       F      G
               +--------+--------+--------+--------+--------+-----+--------+
         Total |   7309 |   7203 |    106 |   5351 |      0 |   1 | 7309.0 |
       Dungeon |   7309 |   7203 |    106 |   5351 |      0 |   1 | 7309.0 |
               +--------+--------+--------+--------+--------+-----+--------+

Top non-repeatable levels by time:
       D: 7309 daAuts
